 Dungeon Crawl Stone Soup version 0.22-a0-425-g89d60a1 (webtiles) character file.

26394 suicidejoker the Blocker (level 13, 0/80 HPs)
             Began as a Gargoyle Fighter on May 22, 2018.
             Was an Initiate of Gozag.
             Slain by an enchanted long sword (10 damage)
             ... on level 13 of the Dungeon on May 23, 2018.
             The game lasted 00:52:28 (14873 turns).

suicidejoker the Blocker (Gargoyle Fighter)        Turns: 14873, Time: 00:52:28

Health: 0/80       AC: 32    Str: 20    XL:     13   Next: 25%
Magic:  18/18      EV: 16    Int: 10    God:    Gozag
Gold:   595        SH:  3    Dex: 13    Spells: 12/12 levels left

rFire    . . .     SeeInvis .   Y - +3 great sword (elec)
rCold    + . .     Gourm    .   (shield currently unavailable)
rNeg     + + .     Faith    .   u - quicksilver dragon scales
rPois    ∞         Spirit   .   D - +0 hat {MR+}
rElec    +         Reflect  +   S - +1 cloak
rCorr    .         Harm     .   H - +1 pair of gloves "Teaczez" {rN+}
MR       ++...                  (no boots)
Stlth    +.........             j - +3 amulet of reflection
HPRegen  0.23/turn              v - ring of protection from cold
MPRegen  0.16/turn              y - +5 ring of protection

@: gold aura
A: big wings, talons 1, negative energy resistance 1, sense surroundings 1,
electricity resistance, unbreathing, evolution 1, petrification resistance, rot
immunity, AC +9
a: Fly, Potion Petition, Call Merchant, Bribe Branch, Renounce Religion


You were on level 13 of the Dungeon.
You worshipped Gozag.
Gozag was pleased with you.
You were not hungry.

You visited 2 branches of the dungeon, and saw 14 of its levels.
You also visited: Sewer and Bailey.

You collected 840 gold pieces.
You paid 245 gold pieces to Gozag.

Inventory:

Hand Weapons
 b - a +8 dagger of draining
 t - a +3 longbow of flaming
 I - a +0 dagger of chaos
 O - a +0 double sword
 R - the +3 Elemental Staff {rElec rF++ rC++ MR++ AC+5}
   (You found it on level 9 of the Dungeon)

   It affects your AC (+5).
   It greatly protects you from fire.
   It greatly protects you from cold.
   It insulates you from electricity.
   It affects your resistance to hostile enchantments.
 U - a +3 arbalest of velocity
 X - a +2 vampiric trident
 Y - a +3 great sword of electrocution (weapon)
Missiles
 a - 11 tomahawks (quivered)
 d - 98 bolts
 l - 90 poisoned needles
 m - 31 sling bullets
 w - 163 arrows
 J - 4 javelins
 Q - 4 tomahawks of returning
Armour
 c - a +0 shield
 i - the +4 chain mail "Uschoxt" {rF+}
   (You found it on level 12 of the Dungeon)

   It protects you from fire.
 u - quicksilver dragon scales (worn)
 x - the +3 leather armour of the Arcane {rElec MR+ Str+3}
   (You took it off a deep elf mage on level 12 of the Dungeon)

   It affects your strength (+3).
   It insulates you from electricity.
   It affects your resistance to hostile enchantments.
 D - a +0 hat of magic resistance (worn)
 H - the +1 pair of gloves "Teaczez" (worn) {rN+}
   (You acquired it in a bailey)

   It protects you from negative energy.
 M - a +2 pair of boots
 S - a +1 cloak (worn)
Jewellery
 j - a +3 amulet of reflection (around neck)
 v - a ring of protection from cold (left hand)
 y - a +5 ring of protection (right hand)
Wands
 o - a wand of flame (22)
 p - a wand of random effects (15)
 s - a wand of polymorph (9)
 B - a wand of acid (8)
 G - a wand of scattershot (5)
 K - a wand of iceblast (6)
 L - a wand of paralysis (13)
Scrolls
 e - 6 scrolls of teleportation
 g - 16 scrolls of identify
 h - 2 scrolls of amnesia
 n - 3 scrolls of remove curse
 z - 3 scrolls of fog
 N - a scroll of enchant armour {unknown}
 P - 2 scrolls of magic mapping
 W - a scroll of immolation
Potions
 k - a potion of lignification
 q - 6 potions of flight
 r - 3 potions of curing
 A - 2 potions of invisibility
 C - 2 potions of mutation
 E - 2 potions of cancellation
 F - 4 potions of agility
Comestibles
 f - 23 rations


   Skills:
 + Level 9.5 Fighting
 - Level 3.8(6.7) Short Blades
 * Level 8.7(9.1) Long Blades
 + Level 9.6 Armour
 * Level 9.5 Dodging
 + Level 9.7 Shields
 * Level 7.1 Evocations


You had 12 spell levels left.
You didn't know any spells.
Your spell library contained the following spells:

 Spells                   Type           Power        Failure   Level  Hunger
 Apportation              Tloc           #.....       50%         1    ##.....
 Lightning Bolt           Conj/Air       #.........   100%        5    ######.
 Confuse                  Hex            #.......     86%         3    ####...
 Invisibility             Hex            #.......     100%        6    #######
 Summon Small Mammal      Summ           #...         50%         1    ##.....
 Animate Skeleton         Necr           N/A          50%         1    ##.....
 Freeze                   Ice            #...         50%         1    ##.....
 Shock                    Conj/Air       #...         50%         1    ##.....
 Swiftness                Chrm/Air       #.......     65%         2    ###....
 Airstrike                Air            #.........   99%         4    #####..
 Confusing Touch          Hex            #.....       50%         1    ##.....
 Metabolic Englaciation   Hex/Ice        #.........   100%        5    ######.
 Static Discharge         Conj/Air       #.......     86%         3    ####...
 Petrify                  Tmut/Erth      #.......     99%         4    #####..
 Fulminant Prism          Conj/Hex       #.........   99%         4    #####..
 Gell's Gravitas          Tloc           #.........   86%         3    ####...
 Yara's Violent Unravell  Hex/Tmut       #.........   100%        5    ######.


Dungeon Overview and Level Annotations

Branches:
Dungeon (13/15)            Temple (1/1) D:4            Lair (0/6) D:11
    Orc (0/2) D:12
 Vaults: D:13-14

Altars:
Ashenzari
Cheibriados
Dithmenos
Elyvilon
Gozag
Kikubaaqudgha
Makhleb
Nemelex Xobeh
Okawaru
Qazlal
Ru
Sif Muna
Trog
Uskayaw
Vehumet
Wu Jian
Xom
Yredelemnul
Zin
The Shining One

Shops:
D:8 [

Annotations:
D:6 Bucky5's ghost, novice MiBe


Innate Abilities, Weirdness & Mutations

You are resistant to torment.
Your stone body is resilient. (AC +9)
You are immune to poison.
You resist negative energy. (rN+)
You are resistant to electric shocks. (rElec)
You can survive without breathing.
You are immune to petrification.
You are immune to rotting.
Your large and strong wings let you fly indefinitely.
You have sharp toenails.
You passively map a small area around you.
You evolve.


Message History

The enchanted long sword hits you!
* * * LOW HITPOINT WARNING * * *
The cyclops is no longer distracted by gold.
You closely miss the enchanted long sword.
The enchanted long sword is moderately damaged.
The enchanted long sword hits you but does no damage.
The enchanted long sword hits you!
* * * LOW HITPOINT WARNING * * *
The enchanted long sword hits you but does no damage.
You feel better. The enchanted long sword hits you!
* * * LOW HITPOINT WARNING * * *
The enchanted long sword hits you but does no damage.
You feel better. The enchanted long sword hits you.
* * * LOW HITPOINT WARNING * * *
The enchanted long sword hits you but does no damage.
Okay, then.
Okay, then.
You feel better. The enchanted long sword hits you!
You die...
Your body crumbles into a pile of gold.

,......###.... *
,,[..........,* * ≈
......... ##### **
*#......, * #...# ,
#.....,, #...# ## #....#
*#####...##..# *
*#....####...$.....#.# *
,, ,#..........?(........
,##.#####≈..@(.....# * , *
#.#......###...### , * ,
*#.#.#≈≈≈.≈##.$.# ,
*#.#.≈≈.≈.≈≈.....C. ,
..#####.#....≈............
....^...≈≈≈≈.≈.≈..........
.#######≈≈≈≈.≈.≈≈....!....
#....≈.≈.≈≈...#.#...
#......≈.≈≈..##.##.. ,,


You could see a cyclops (fleeing) and 2 dancing weapons.

Vanquished Creatures
  Nessos (D:12)
  Josephine (D:11)
  Fannar (D:12)
  2 hydras
  The ghost of Vinniefish the Covert, a novice OpWz of Vehumet (D:10)
  2 orc knights (Bailey)
  Pikel (D:6)
  An orc sorcerer (Bailey)
  A deep elf mage (D:12)
  A manticore (D:11)
  3 cyclopes (D:12)
  An ice statue (D:9)
  2 centaur skeletons
  Psyche (D:12)
  2 kobold demonologists
  2 trolls
  The ghost of indyram44 the Cudgeler, an amateur MiFi (D:3)
  Prince Ribbit (D:7)
  3 hippogriffs
  A shadow (D:11)
  A centaur simulacrum (D:11)
  5 wraiths
  A wyvern (D:11)
  A water elemental (D:13)
  2 basilisks (D:11)
  26 yaks
  4 hogs (D:7)
  A human (D:7)
  3 hungry ghosts
  2 steam dragons
  3 vampire mosquitoes (D:12)
  A water moccasin (D:10)
  Duvessa (D:6)
  4 porcupines (D:11)
  9 orc warriors
  3 ice beasts
  A black bear (D:8)
  2 sky beasts
  A necrophage (D:6)
  4 phantoms
  3 wolves (D:11)
  6 ogres
  An eye of draining (D:11)
  3 centaurs
  2 crocodiles
  An elf zombie (D:9)
  2 big kobolds
  6 bullfrogs
  A gnoll sergeant (D:11)
  Dowan (D:6)
  2 wyvern skeletons (D:9)
  2 scorpions
  4 troll zombies (D:12)
  22 killer bees
  5 electric eels
  3 howler monkeys
  3 crimson imps
  A wyvern simulacrum (D:11)
  7 human zombies (D:9)
  Crazy Yiuf (D:6)
  2 bullfrog zombies (D:12)
  10 hounds
  5 jellies
  5 orc priests
  5 bullfrog skeletons
  4 iguanas
  Jessica (D:2)
  A human skeleton (D:9)
  5 orc wizards
  10 worker ants
  2 bullfrog simulacra (D:11)
  4 ogre zombies (D:12)
  A hound zombie (D:6)
  A worker ant zombie (D:5)
  A howler monkey skeleton (D:11)
  14 gnolls
  7 adders
  3 river rats
  3 shadow imps
  4 white imps (D:11)
  An ufetubus (D:11)
  An ooze (D:6)
  2 adder zombies
  An adder skeleton (D:6)
  4 worms
  3 dart slugs (D:1)
  5 leopard geckos
  60 orcs
  12 bats
  10 giant cockroaches
  19 goblins
  17 hobgoblins
  10 jackals
  19 kobolds
  3 quokkas
  A frilled lizard (D:4)
  2 goblin skeletons (D:12)
  A goblin zombie (D:12)
  A hobgoblin skeleton (D:12)
  5 hobgoblin zombies (D:12)
  A jackal zombie (D:5)
  A leopard gecko skeleton (D:7)
  An orc skeleton (D:12)
  15 orc zombies
  A quokka zombie (D:5)
  7 rats
471 creatures vanquished.

Vanquished Creatures (others)
  A phantom (D:6)
  3 killer bees (D:7)
  An orc zombie (D:12)
  A bush (D:11)
  3 fungi (D:11)
  7 plants (D:11)
16 creatures vanquished.

Grand Total: 487 creatures vanquished

Notes
Turn   | Place    | Note
-------+----------+-------------------------------------------
     0 | D:1      | suicidejoker the Gargoyle Fighter began the quest for the Orb.
     0 | D:1      | Reached XP level 1. HP: 14/14 MP: 1/1
   227 | D:1      | Reached XP level 2. HP: 19/19 MP: 2/2
   479 | D:1      | Reached XP level 3. HP: 14/23 MP: 3/3
   489 | D:1      | Reached skill level 1 in Dodging
   972 | D:2      | Noticed Jessica
   978 | D:2      | Killed Jessica
   978 | D:2      | Reached XP level 4. HP: 29/29 MP: 4/4
  1958 | D:3      | Found a glowing drain.
  1973 | D:3      | Noticed indyram44's ghost (amateur MiFi)
  1999 | Sewer    | Entered a sewer
  2013 | Sewer    | Reached XP level 5. HP: 9/33 MP: 5/5
  2275 | Sewer    | Noticed a big kobold
  2338 | Sewer    | Killed a big kobold
  2358 | Sewer    | Found a white marble altar of Elyvilon.
  2437 | D:3      | Killed indyram44's ghost
  2437 | D:3      | Reached XP level 6. HP: 28/39 MP: 6/6
  2628 | D:3      | Noticed a phantom
  2719 | D:3      | Killed a phantom
  2719 | D:3      | Reached XP level 7. HP: 43/44 MP: 7/7
  3713 | D:4      | Found a staircase to the Ecumenical Temple.
  4200 | D:4      | Reached skill level 5 in Fighting
  4200 | D:4      | Reached skill level 5 in Armour
  4200 | D:4      | Reached XP level 8. HP: 49/49 MP: 8/8
  4312 | D:5      | Entered Level 5 of the Dungeon
  4371 | D:5      | Reached skill level 5 in Shields
  5458 | D:6      | Found a runed door.
  5498 | D:6      | Noticed Duvessa
  5499 | D:6      | Noticed Dowan
  5525 | D:6      | Killed Duvessa
  5534 | D:6      | Killed Dowan
  5687 | D:6      | Noticed Pikel
  5734 | D:6      | Killed Pikel
  5734 | D:6      | Reached skill level 5 in Dodging
  5734 | D:6      | Reached XP level 9. HP: 53/55 MP: 9/9
  6109 | D:6      | Noticed Bucky5's ghost (novice MiBe)
  6144 | D:6      | Gained mutation: You evolve. [potion of mutation]
  6144 | D:6      | Gained mutation: Your large and strong wings let you fly indefinitely. [potion of mutation]
  6426 | D:7      | Reached skill level 1 in Short Blades
  6480 | D:7      | Found a flagged portal.
  6489 | Bailey   | Entered a bailey
  6550 | Bailey   | Found an iron altar of Okawaru.
  6550 | Bailey   | Noticed a kobold demonologist
  6550 | Bailey   | Noticed an orc sorcerer
  6572 | Bailey   | Killed an orc sorcerer
  6597 | Bailey   | Noticed a smoke demon
  6599 | Bailey   | Killed a kobold demonologist
  6599 | Bailey   | Reached XP level 10. HP: 50/63 MP: 10/10
  6609 | Bailey   | Noticed an orc knight
  6643 | Bailey   | Killed an orc knight
  6691 | Bailey   | Noticed an orc knight
  6731 | Bailey   | Killed an orc knight
  6944 | Bailey   | Identified the Reference Book on the Congealing Oath
  7142 | Bailey   | Noticed an orc knight
  7183 | Bailey   | Got a pair of scorched gloves
  7189 | Bailey   | Identified the +1 pair of gloves "Teaczez" {rN+} (You acquired it in a bailey)
  7406 | D:7      | Reached skill level 1 in Evocations
  7408 | D:7      | Reached skill level 5 in Long Blades
  7624 | D:7      | You fall through a shaft!
  7782 | D:8      | Found Arown's Armour Boutique.
  8178 | D:8      | Gained mutation: You have sharp toenails. [evolution]
  8532 | D:9      | Reached XP level 11. HP: 58/68 MP: 11/13
  8724 | D:9      | Found an ancient bone altar of Kikubaaqudgha.
  8886 | D:9      | Found an iron altar of Okawaru.
  9067 | D:9      | Found the +3 Elemental Staff {rElec rF++ rC++ MR++ AC+5}
  9588 | D:10     | Entered Level 10 of the Dungeon
 10032 | D:10     | Noticed Vinniefish's ghost (novice OpWz)
 10077 | D:10     | Killed Vinniefish's ghost
 10386 | D:10     | Found a shimmering altar of Xom.
 10707 | D:11     | Found a staircase to the Lair.
 10726 | D:11     | Reached XP level 12. HP: 45/75 MP: 15/15
 10728 | D:11     | Reached skill level 5 in Evocations
 10760 | D:11     | Gained mutation: You passively map a small area around you. [evolution]
 10941 | D:11     | Noticed Josephine
 10952 | D:11     | Killed Josephine
 11019 | D:11     | Found a white marble altar of Elyvilon.
 11025 | D:11     | Noticed a five-headed hydra
 11040 | D:11     | Killed a five-headed hydra
 12145 | D:12     | Identified the +4 chain mail "Uschoxt" {rF+} (You found it on level 12 of the Dungeon)
 12182 | D:12     | Noticed Nessos
 12205 | D:12     | Killed Nessos
 12461 | D:12     | Found a staircase to the Orcish Mines.
 12461 | D:12     | Noticed Fannar
 12481 | D:12     | Killed Fannar
 12820 | D:12     | Got a warped leather armour
 12849 | D:12     | Reached XP level 13. HP: 80/80 MP: 18/18
 12973 | D:12     | Noticed Psyche
 12981 | D:12     | Killed Psyche
 13338 | D:9      | Got a polished leather armour
 13354 | D:8      | Identified the +3 leather armour of the Arcane {rElec MR+ Str+3} (You took it off a deep elf mage on level 12 of the Dungeon)
 13355 | D:8      | Identified the cursed +0 leather armour "Irazubopt" {Str+4} (You found it on level 9 of the Dungeon)
 13406 | D:9      | Upgraded the game from 0.22-a0-422-g9628fc8 to 0.22-a0-425-g89d60a1
 13644 | Temple   | Entered the Ecumenical Temple
 13686 | Temple   | Became a worshipper of Gozag Ym Sagoz the Greedy
 13905 | D:6      | Noticed Crazy Yiuf
 13908 | D:6      | Killed Crazy Yiuf
 13972 | D:7      | Noticed Prince Ribbit
 13988 | D:7      | Killed Prince Ribbit
 14870 | D:13     | HP: 4/80 [enchanted long sword (9)]
 14873 | D:13     | Slain by an enchanted long sword

Vault maps used:
D:1:      tarquinn_simple_flora_water_d, skrybe_limestone_x,
          minmay_curled_crystal, minmay_tromino_v2
D:2:      minmay_tree_intersection, uniq_jessica
D:3:      portal_sewer_entry_a, first_ration, minmay_goblin_kobold_house
D:4:      temple_doors_e
D:6:      kb_forest_paths, sigmund_army, uniq_pikel, uniq_crazy_yiuf_cottage,
          uniq_duvessa
D:7:      enter_bailey_2, grunt_livestock, eino_jars, uniq_prince_ribbit1
D:8:      minmay_shop_grid_forest, hangedman_decor_opposing,
          minmay_misc_feat_columns
D:9:      lemuel_mausoleum_altar_kikubaaqudgha, minivault_15,
          okawaru_ov_weapons_minmay
D:10:     basic_altar
D:11:     minmay_lair_entry_grove, serial_ice, serial_ice_o, serial_ice_i,
          serial_ice_b, serial_ice_d, serial_ice_n, serial_ice_c, serial_ice_m,
          serial_ice_h, elyvilon_altar_5, uniq_josephine
D:12:     zombieorc2_lemuel, uniq_fannar, uniq_nessos, uniq_psyche
D:13:     erik_vaults_1, uniq_frances
Temple:   nicolae_temple_the_god_donut
Sewer:    sewer_kobolds
Bailey:   bailey_axe_of_yendor_kennysheep, bailey

Skill      XL: |  1  2  3  4  5  6  7  8  9 10 11 12 13 |
---------------+----------------------------------------+-----
Long Blades    | 2 3 4 5 7 8 |  8.7
Dodging        | 1 2 3 5 6 7 8 9 |  9.5
Fighting       | 4 5 6 7 8 9 |  9.5
Armour         | 4 5 6 7 8 9 |  9.6
Shields        | 4 6 7 8 9 |  9.7
Short Blades   | 2 3 |  3.8
Evocations     | 2 4 6 7 |  7.1

Action                   |  1- 3 |  4- 6 |  7- 9 | 10-12 | 13-15 || total
-------------------------+-------+-------+-------+-------+-------++-------
Melee: Long sword        |   106 |   219 |   290 |       |       ||   615
       Unarmed           |       |    11 |       |       |       ||    11
       Dagger            |       |       |   404 |   196 |       ||   600
       Spear             |       |       |    65 |     4 |       ||    69
       Great sword       |       |       |       |   276 |    76 ||   352
       Double sword      |       |       |       |   409 |       ||   409
       Kick              |       |       |       |   259 |    29 ||   288
Evoke: Wand              |       |       |       |    15 |       ||    15
  Use: Potion            |       |     3 |     9 |     7 |     3 ||    22
       Scroll            |       |       |     8 |     7 |     7 ||    22
 Stab: Invisible         |       |       |     2 |       |       ||     2
       Paralysed         |       |       |       |     5 |       ||     5
  Eat: Chunk             |       |     7 |    14 |    21 |     2 ||    44
       Ration            |       |       |     1 |     4 |     2 ||     7
Armor: Scale mail        |    54 |       |       |       |       ||    54
       Plate armour      |    13 |   178 |   520 |    32 |       ||   743
       Skin              |       |     4 |       |       |       ||     4
       Quicksilver drago |       |       |       |   573 |    62 ||   635
Dodge: Dodged            |    26 |    40 |   169 |   846 |    88 ||  1169
Block: Shield            |    98 |   142 |   423 |    41 |       ||   704
       Other             |       |       |       |    25 |    12 ||    37
       Reflection        |       |       |       |     2 |     1 ||     3
       Rpst.: Long sword |     5 |    17 |    20 |       |       ||    42
       Falchion          |       |       |     2 |       |       ||     2
       Great sword       |       |       |       |    85 |    28 ||   113
       Double sword      |       |       |       |   148 |       ||   148

Table legend:
 A = Spawn XP
 B = Non-spawn XP
 C = Spawn XP percentage of total XP
 D = Spawn monster count
 E = Non-spawn monster count
 F = Spawn count percentage of total count
 G = Total turns spent on level
                    A         B        C        D         E        F      G
               +---------+---------+-------+---------+---------+-------+---------
         Total |       0 |   37707 |   0.0 |       0 |     475 |   0.0 | 14873
               +---------+---------+-------+---------+---------+-------+---------
           D:1 |       0 |      54 |   0.0 |       0 |      28 |   0.0 |   980
           D:2 |       0 |      69 |   0.0 |       0 |      15 |   0.0 |   799
           D:3 |       0 |     625 |   0.0 |       0 |      33 |   0.0 |  1395
           D:4 |       0 |     388 |   0.0 |       0 |      14 |   0.0 |   935
           D:5 |       0 |     538 |   0.0 |       0 |      29 |   0.0 |  1137
           D:6 |       0 |    1531 |   0.0 |       0 |      24 |   0.0 |  1292
           D:7 |       0 |    2914 |   0.0 |       0 |      35 |   0.0 |   837
           D:8 |       0 |    1010 |   0.0 |       0 |      32 |   0.0 |   948
           D:9 |       0 |    2487 |   0.0 |       0 |      37 |   0.0 |  1290
          D:10 |       0 |    4313 |   0.0 |       0 |      27 |   0.0 |  1105
          D:11 |       0 |    9019 |   0.0 |       0 |      68 |   0.0 |  1481
          D:12 |       0 |    9955 |   0.0 |       0 |      75 |   0.0 |  1260
          D:13 |       0 |    1438 |   0.0 |       0 |       4 |   0.0 |   103
         Sewer |       0 |     138 |   0.0 |       0 |      12 |   0.0 |   425
        Bailey |       0 |    3228 |   0.0 |       0 |      42 |   0.0 |   809
               +---------+---------+-------+---------+---------+-------+---------
